ORI
FLORIDA STATE UNIVERSITY SEMINOLES @ LOUISIANA STATE UNIVERSITY TIGERS
10/01/2045
 
TOP OF THE 1ST
Florida State University Seminoles batting - Pitching for Louisiana State University Tigers : LHP Justin Tidwell
Pitching: LHP Justin Tidwell
Batting: RHB Ray Johnson 0-0: Ground out 4-3 (Groundball, 4, EV 102.5 MPH)
Batting: RHB Jim Unknown 0-0: Ball
1-0: Swinging Strike
1-1: Ground out 3-1 (Groundball, 34, EV 88.1 MPH)
Batting: RHB Juan Nieves 0-0: Called Strike
0-1: Ball
1-1: Called Strike
1-2: Foul Ball, location: 2F
1-2: Ground out 6-3 (Groundball, 6, EV 86.9 MPH)
Top of the 1st over - 0 runs, 0 hits, 0 errors, 0 left on base; Florida State University 0 - Louisiana State University 0
BOTTOM OF THE 1ST
Louisiana State University Tigers batting - Pitching for Florida State University Seminoles : RHP Rodrigo Lovato
Pitching: RHP Rodrigo Lovato
Batting: LHB Dorian Oram 0-0: Ball
1-0: Called Strike
1-1: Ball
2-1: Foul Ball, location: 2F
2-2: Ground out 4-3 (Groundball, 4, EV 82.5 MPH)
Batting: RHB Sandoval Serzedelo 0-0: Called Strike
0-1: Swinging Strike
0-2: Ball
1-2: Ball
2-2: Reached on error, E2 (Groundball, 2L, EV 66.9 MPH)
Batting: LHB Bob Govella 0-0: Fly out, F9 (Flyball, 9D, EV 86.2 MPH)
Batting: LHB Damien Cohen 0-0: Ball
1-0: Foul Ball, location: 2F
1-1: Fielders Choice at 2nd, U4 (Groundball, 4M, EV 82.5 MPH)
Bottom of the 1st over - 0 runs, 0 hits, 1 error, 1 left on base; Florida State University 0 - Louisiana State University 0
TOP OF THE 2ND
Florida State University Seminoles batting - Pitching for Louisiana State University Tigers : LHP Justin Tidwell
Batting: LHB Simon Barry 0-0: Ground out 6-3 (Groundball, 6, EV 103.8 MPH)
Batting: RHB Oscar Mora 0-0: Foul Ball, location: 2F
0-1: SINGLE (Groundball, 6MD, EV 96.2 MPH)
Batting: SHB Sammar Wambugu 0-0: Ball
1-0: Fly out, F9 (Flyball, 9LS, EV 95.6 MPH)
Batting: RHB Jayden Lindsey 0-0: Ball
1-0: Ball
2-0: Ball
3-0: Base on Balls
Oscar Mora to second
Batting: RHB Angel Lovato 0-0: Called Strike
0-1: Called Strike
0-2: Strikes out looking
Top of the 2nd over - 0 runs, 1 hit, 0 errors, 2 left on base; Florida State University 0 - Louisiana State University 0
BOTTOM OF THE 2ND
Louisiana State University Tigers batting - Pitching for Florida State University Seminoles : RHP Rodrigo Lovato
Batting: RHB Pete Roberts 0-0: Ball
1-0: Called Strike
1-1: Called Strike
1-2: Foul Ball, location: 2F
1-2: Ball
2-2: Ball
3-2: Strikes out swinging
Batting: RHB Jesse Sargent 0-0: Called Strike
0-1: Fly out, F9 (Flyball, 89S, EV 88.1 MPH)
Batting: RHB Leo Roldan 0-0: Called Strike
0-1: Ground out 6-3 (Groundball, 6, EV 86.9 MPH)
Bottom of the 2nd over - 0 runs, 0 hits, 0 errors, 0 left on base; Florida State University 0 - Louisiana State University 0
TOP OF THE 3RD
Florida State University Seminoles batting - Pitching for Louisiana State University Tigers : LHP Justin Tidwell
Batting: RHB John Hunt 0-0: Ball
1-0: Foul Ball, location: 2F
1-1: Called Strike
1-2: Fly out, F9 (Flyball, 89D, EV 88.1 MPH)
Batting: RHB Ray Johnson 0-0: Ball
1-0: Ball
2-0: DOUBLE (Flyball, 78D, EV 95.6 MPH)
Batting: RHB Jim Unknown 0-0: Ball
1-0: Fly out, F9 (Flyball, 89M, EV 75.0 MPH)
Batting: RHB Juan Nieves 0-0: Ball
1-0: Ball
2-0: Called Strike
2-1: Ground out 4-3 (Groundball, 4, EV 85.0 MPH)
Top of the 3rd over - 0 runs, 1 hit, 0 errors, 1 left on base; Florida State University 0 - Louisiana State University 0
BOTTOM OF THE 3RD
Louisiana State University Tigers batting - Pitching for Florida State University Seminoles : RHP Rodrigo Lovato
Batting: RHB Bobby Lozada 0-0: Foul Ball, location: 2F
0-1: Ball
1-1: Swinging Strike
1-2: Ball
2-2: Ground out 6-3 (Groundball, P, EV 84.4 MPH)
Batting: RHB Jake Garza 0-0: Ball
1-0: Called Strike
1-1: Ball
2-1: Foul Ball, location: 2F
2-2: Ball
3-2: Base on Balls
Batting: LHB Dorian Oram 0-0: Ball
1-0: SINGLE (Groundball, 34D, EV 104.4 MPH)
Jake Garza to second
Jake Garza to third
Batting: RHB Sandoval Serzedelo 0-0: Ball
1-0: Ball
2-0: Ball
3-0: Swinging Strike
3-1: Foul Ball, location: 2F
3-2: Foul Ball, location: 2F
3-2: Foul Ball, location: 2F
3-2: Foul Ball, location: 2F
3-2: Foul Ball, location: 2F
3-2: Base on Balls
Dorian Oram to second
Batting: LHB Bob Govella 0-0: Ball
1-0: Foul Ball, location: 2F
1-1: Ball
2-1: SINGLE (Groundball, 6S, EV 69.4 MPH) (infield hit)
Jake Garza scores
Dorian Oram to third
Sandoval Serzedelo to second
Pitching: LHP Jason Hahn
Batting: LHB Damien Cohen 0-0: Called Strike
0-1: Ball
1-1: Ball
2-1: Foul Ball, location: 2F
2-2: Strikes out swinging
Batting: RHB Pete Roberts 0-0: SINGLE (Groundball, 6MD, EV 96.2 MPH)
Dorian Oram scores
Sandoval Serzedelo to third
Bob Govella to second
Runner from 3rd tries for Home, SAFE, throw by CF to home
Batting: RHB Jesse Sargent 0-0: Foul Ball, location: 2F
0-1: Called Strike
0-2: Hit by Pitch
Bob Govella to third
Pete Roberts to second
Batting: RHB Leo Roldan 0-0: SINGLE (Groundball, 56D, EV 98.8 MPH)
Bob Govella scores
Pete Roberts to third
Jesse Sargent to second
Runner from 3rd tries for Home, SAFE, throw by LF to home
Batting: RHB Bobby Lozada 0-0: Ball
1-0: Ball
2-0: Fielders Choice at 2nd, 6-4 (Groundball, 6D, EV 81.2 MPH)
Bottom of the 3rd over - 5 runs, 4 hits, 0 errors, 2 left on base; Florida State University 0 - Louisiana State University 5
TOP OF THE 4TH
Florida State University Seminoles batting - Pitching for Louisiana State University Tigers : LHP Justin Tidwell
Batting: LHB Simon Barry 0-0: Called Strike
0-1: DOUBLE (Flyball, 78D, EV 109.4 MPH)
Batting: RHB Oscar Mora 0-0: Called Strike
0-1: Ground out 6-3 (Groundball, 6, EV 107.5 MPH)
Batting: SHB Sammar Wambugu 0-0: Foul Ball, location: 2F
0-1: Foul Ball, location: 2F
0-2: Ball
1-2: Foul Ball, location: 2F
1-2: Fly out, F8 (Flyball, 89M, EV 92.5 MPH)
Batting: RHB Jayden Lindsey 0-0: Ball
1-0: SINGLE (Flyball, 34D, EV 91.2 MPH)
Simon Barry to third
Runner from 3rd tries for Home, throw by RF and OUT! 9-2
Top of the 4th over - 0 runs, 2 hits, 0 errors, 1 left on base; Florida State University 0 - Louisiana State University 5
BOTTOM OF THE 4TH
Louisiana State University Tigers batting - Pitching for Florida State University Seminoles : LHP Jason Hahn
Batting: RHB Jake Garza 0-0: SINGLE (Groundball, P, EV 86.9 MPH) (infield hit)
Batting: LHB Dorian Oram 0-0: Foul Ball, location: 2F
0-1: Ball
1-1: Fielders Choice at 2nd, 6-4 (Groundball, 6, EV 89.4 MPH)
Batting: RHB Sandoval Serzedelo 0-0: Foul Ball, location: 2F
0-1: SINGLE (Groundball, 4MD, EV 96.2 MPH)
Dorian Oram to second
Batting: LHB Bob Govella 0-0: Ball
1-0: Ball
2-0: Foul Ball, location: 2F
2-1: Foul Ball, location: 2F
2-2: Ball
3-2: Fly out, F7 (Flyball, 7S, EV 86.9 MPH)
Batting: LHB Damien Cohen 0-0: Called Strike
0-1: SINGLE (Line Drive, 4M, EV 100.0 MPH)
Dorian Oram to third
Sandoval Serzedelo to second
Throwing error, E8
Dorian Oram scores
Sandoval Serzedelo to third
Damien Cohen to second
Batting: RHB Pete Roberts 0-0: Ball
1-0: Called Strike
1-1: Ball
2-1: Foul Ball, location: 2F
2-2: Strikes out looking
Bottom of the 4th over - 1 run, 3 hits, 1 error, 2 left on base; Florida State University 0 - Louisiana State University 6
TOP OF THE 5TH
Florida State University Seminoles batting - Pitching for Louisiana State University Tigers : LHP Justin Tidwell
Batting: RHB Angel Lovato 0-0: Ball
1-0: SINGLE (Groundball, 34D, EV 98.1 MPH)
Batting: RHB John Hunt 0-0: Called Strike
Angel Lovato is caught stealing 2nd base 2-4
0-1: Swinging Strike
0-2: Foul Ball, location: 2F
0-2: Strikes out looking
Batting: RHB Ray Johnson 0-0: Called Strike
0-1: Ball
1-1: Ball
2-1: Ball
3-1: SINGLE (Groundball, 4D, EV 100.6 MPH)
Batting: RHB Jim Unknown 0-0: Ball
1-0: Called Strike
Ray Johnson is caught stealing 2nd base 2-4
Top of the 5th over - 0 runs, 2 hits, 0 errors, 0 left on base; Florida State University 0 - Louisiana State University 6
BOTTOM OF THE 5TH
Louisiana State University Tigers batting - Pitching for Florida State University Seminoles : LHP Jason Hahn
Batting: RHB Jesse Sargent 0-0: Called Strike
0-1: Fly out, F9 (Flyball, 89D, EV 93.1 MPH)
Batting: RHB Leo Roldan 0-0: Ball
1-0: Ball
2-0: SINGLE (Groundball, 5, EV 98.8 MPH)
Batting: RHB Bobby Lozada 0-0: Ball
1-0: Foul Ball, location: 2F
1-1: Ball
2-1: Ball
3-1: Base on Balls
Leo Roldan to second
Batting: RHB Jake Garza 0-0: Grounds into double play, 3-6-3 (Groundball, 34, EV 81.9 MPH)
Bottom of the 5th over - 0 runs, 1 hit, 0 errors, 1 left on base; Florida State University 0 - Louisiana State University 6
TOP OF THE 6TH
Florida State University Seminoles batting - Pitching for Louisiana State University Tigers : LHP Justin Tidwell
Pitching: LHP Gilberto Lugo
Batting: RHB Jim Unknown 0-0: SINGLE (Groundball, 56D, EV 96.2 MPH)
Batting: RHB Juan Nieves 0-0: Ball
1-0: Swinging Strike
1-1: Foul Ball, location: 2F
1-2: Strikes out swinging
Batting: LHB Simon Barry 0-0: Ball
1-0: Ball
2-0: SINGLE (Flyball, 7LM, EV 90.0 MPH)
Jim Unknown to second
Batting: RHB Oscar Mora 0-0: Fly out, F7 (Flyball, 7LS, EV 86.9 MPH)
Batting: SHB Sammar Wambugu 0-0: Called Strike
0-1: Foul Ball, location: 2F
0-2: Foul Ball, location: 2F
0-2: Strikes out swinging
Top of the 6th over - 0 runs, 2 hits, 0 errors, 2 left on base; Florida State University 0 - Louisiana State University 6
BOTTOM OF THE 6TH
Louisiana State University Tigers batting - Pitching for Florida State University Seminoles : LHP Jason Hahn
Batting: LHB Dorian Oram 0-0: Called Strike
0-1: Foul Ball, location: 2F
0-2: Ball
1-2: Ball
2-2: Ball
3-2: Base on Balls
Pitching: RHP Jim Unknown
Batting: RHB Sandoval Serzedelo 0-0: Foul Ball, location: 2F
0-1: SINGLE (Groundball, 6D, EV 100.0 MPH)
Dorian Oram to second
Batting: LHB Bob Govella 0-0: Ball
1-0: Called Strike
1-1: Ball
2-1: 3-RUN HOME RUN (Flyball, 7D, EV 101.2 MPH), Distance : 372 ft
Batting: LHB Damien Cohen 0-0: Ball
1-0: Swinging Strike
1-1: Foul Ball, location: 2F
1-2: Foul Ball, location: 2F
1-2: Foul Ball, location: 2F
1-2: Ball
2-2: Fly out, F8 (Flyball, 8LM, EV 93.1 MPH)
Batting: RHB Pete Roberts 0-0: Ball
1-0: Ball
2-0: Ball
3-0: Base on Balls
Batting: RHB Jesse Sargent 0-0: Fly out, F4 (Flyball, 34D, EV 85.0 MPH)
Batting: RHB Leo Roldan 0-0: Swinging Strike
0-1: Ball
1-1: Reached on error, E4 (Groundball, 4, EV 88.8 MPH)
Pete Roberts to second
Batting: RHB Bobby Lozada 0-0: Foul Ball, location: 2F
0-1: Ball
1-1: Ball
2-1: Ball
3-1: SINGLE (Line Drive, 7S, EV 103.8 MPH)
Pete Roberts to third
Leo Roldan to second
Batting: RHB Jake Garza 0-0: Called Strike
0-1: Foul Ball, location: 2F
0-2: Ball
1-2: GRAND SLAM HOME RUN (Flyball, 7LD, EV 91.9 MPH), Distance : 348 ft
Pitching: RHP Jim Unknown
Batting: LHB Dorian Oram 0-0: SINGLE (Flyball, 3D, EV 98.1 MPH)
Batting: RHB Sandoval Serzedelo 0-0: Ball
1-0: Called Strike
1-1: Called Strike
1-2: SINGLE (Flyball, 7LM, EV 78.1 MPH)
Dorian Oram to second
Batting: LHB Bob Govella 0-0: Foul Ball, location: 2F
0-1: Called Strike
0-2: Ball
1-2: Fly out, F8 (Flyball, 78XD, EV 103.8 MPH)
Bottom of the 6th over - 7 runs, 6 hits, 1 error, 2 left on base; Florida State University 0 - Louisiana State University 13
TOP OF THE 7TH
Florida State University Seminoles batting - Pitching for Louisiana State University Tigers : LHP Gilberto Lugo
Batting: RHB Jayden Lindsey 0-0: Fly out, F8 (Flyball, 8RD, EV 82.5 MPH)
Batting: RHB Angel Lovato 0-0: Ground out 4-3 (Groundball, 4, EV 101.9 MPH)
Batting: RHB John Hunt 0-0: Swinging Strike
0-1: Ball
1-1: Ground out 4-3 (Groundball, 4S, EV 78.1 MPH)
Top of the 7th over - 0 runs, 0 hits, 0 errors, 0 left on base; Florida State University 0 - Louisiana State University 13
BOTTOM OF THE 7TH
Louisiana State University Tigers batting - Pitching for Florida State University Seminoles : RHP Jim Unknown
Batting: LHB Damien Cohen 0-0: Ground out 3-1 (Groundball, 34, EV 86.2 MPH)
Batting: RHB Pete Roberts 0-0: Called Strike
0-1: Ball
1-1: Called Strike
1-2: Ground out 1-3 (Groundball, 34S, EV 71.2 MPH)
Batting: RHB Jesse Sargent 0-0: Ball
1-0: SINGLE (Flyball, 34D, EV 91.9 MPH)
Batting: RHB Leo Roldan 0-0: Foul Ball, location: 2F
0-1: Ball
1-1: Ball
2-1: Fielders Choice at 2nd, U4 (Groundball, 4M, EV 83.8 MPH)
Bottom of the 7th over - 0 runs, 1 hit, 0 errors, 1 left on base; Florida State University 0 - Louisiana State University 13
TOP OF THE 8TH
Florida State University Seminoles batting - Pitching for Louisiana State University Tigers : LHP Gilberto Lugo
Batting: RHB Ray Johnson 0-0: Ball
1-0: Called Strike
1-1: Foul Ball, location: 2F
1-2: Ball
2-2: SINGLE (Groundball, 56S, EV 68.1 MPH) (infield hit)
Pitching: RHP D.J. Ganz
Batting: RHB Jim Unknown 0-0: Ball
1-0: Foul Ball, location: 2F
1-1: Foul Ball, location: 2F
1-2: Ball
2-2: Foul Ball, location: 2F
2-2: Foul Ball, location: 2F
2-2: Strikes out looking
Batting: RHB Juan Nieves 0-0: Called Strike
0-1: Called Strike
0-2: Ball
1-2: Ball
2-2: Fielders Choice at 2nd, 5-4 (Groundball, 5, EV 98.1 MPH)
Batting: LHB Simon Barry 0-0: Called Strike
0-1: Foul Ball, location: 2F
0-2: Strikes out swinging
Top of the 8th over - 0 runs, 1 hit, 0 errors, 1 left on base; Florida State University 0 - Louisiana State University 13
BOTTOM OF THE 8TH
Louisiana State University Tigers batting - Pitching for Florida State University Seminoles : RHP Jim Unknown
Batting: RHB Bobby Lozada 0-0: Ball
1-0: DOUBLE (Line Drive, 7D, EV 95.6 MPH)
Batting: RHB Jake Garza 0-0: Called Strike
0-1: Fly out, F9 (Flyball, 9S, EV 83.1 MPH)
Batting: LHB Dorian Oram 0-0: Ball
1-0: Ball
2-0: Called Strike
2-1: SINGLE (Line Drive, 34D, EV 100.0 MPH)
Bobby Lozada to third
Pinch Hitting: RHB Johnny Healey 0-0: Ball
1-0: Fielders Choice at 2nd, 4-6 (Groundball, 4M, EV 85.6 MPH)
Bobby Lozada scores
Batting: LHB Bob Govella 0-0: Ball
1-0: Ball
2-0: Ball
3-0: Base on Balls
Johnny Healey to second
Batting: LHB Damien Cohen 0-0: Ball
1-0: Ball
2-0: Ball
3-0: Base on Balls
Johnny Healey to third
Bob Govella to second
Batting: RHB Pete Roberts 0-0: Called Strike
0-1: GRAND SLAM HOME RUN (Flyball, 9D, EV 93.8 MPH), Distance : 363 ft
Pinch Hitting: SHB Oscar Barahona 0-0: Ball
1-0: Ground out 5-3 (Groundball, 56S, EV 83.1 MPH)
Bottom of the 8th over - 5 runs, 3 hits, 0 errors, 0 left on base; Florida State University 0 - Louisiana State University 18
TOP OF THE 9TH
Florida State University Seminoles batting - Pitching for Louisiana State University Tigers : RHP D.J. Ganz
Now at 3B: Fernando Membreno
Now in LF: Oscar Barahona
Batting: RHB Mick Vaught 0-0: Ball
1-0: Called Strike
1-1: Foul Ball, location: 2F
1-2: Strikes out swinging
Pinch Hitting: RHB Matt Derry 0-0: Called Strike
0-1: Ground out 3-1 (Groundball, 34S, EV 86.2 MPH)
Batting: RHB Jayden Lindsey 0-0: Swinging Strike
0-1: Ground out 4-3 (Groundball, 4, EV 77.5 MPH)
Top of the 9th over - 0 runs, 0 hits, 0 errors, 0 left on base; Florida State University 0 - Louisiana State University 18
Wednesday, June 22nd , 2022 - OOTP Baseball 23.4 Build 64